Map: Tropical Sacrifice

Players

Snake

  • Race: Zerg Zerg
  • League: Grandmaster
  • Spawn Location: 1:00

BurgrFlipper - Winner!

  • Race: Terran Terran
  • League: Grandmaster
  • Spawn Location: 7:00

VOD

Have the link to the VOD?

Description

Time

  • Played on: Dec. 1, 2022, 3:23 a.m.
  • Length: 7:03
Show
View Real Time Build Order
Export as new Build Order

Snake Zerg 

Build Orders: Hatch First 

Get SALT Encoding   

  12  0:00  Drone  
  13  0:14  Overlord  
  13  0:18  Drone  
  14  0:33  Drone x2  
  16  0:38  Drone  
  17  0:54  Hatchery  
  16  0:58  Drone  
  17  1:11  Spawning Pool  
  17  1:14  Drone  
  17  1:20  Drone, Extractor  
  17  1:25  Drone  
  18  1:30  Drone  
  19  1:44  Overlord  
  19  1:54  Drone  
  20  1:58  Queen  
  22  2:06  Queen  
  22  2:07  Zergling x4  
  26  2:20  Metabolic Boost  
  26  2:22  Overlord  
  26  2:24  Drone x2  
  28  2:30  Drone  
  29  2:37  Drone  
  29  2:40  Queen  
  29  2:43  Drone  
  33  2:47  Drone  
  33  2:50  Drone  
  35  2:56  Queen  
  37  2:59  Drone  
  37  3:01  Drone  
  39  3:08  Drone  
  40  3:15  Drone x4  
  44  3:31  Drone  
  44  3:37  Lair  
  44  3:38  Overlord  
  44  3:43  Overlord  
  44  3:48  Overlord  
  44  3:51  Overlord  
  44  3:52  Extractor  
  44  3:53  Overlord  
  43  3:55  Drone  
  43  3:57  Hatchery  
  43  3:58  Drone x2  
  43  4:00  Drone  
  46  4:03  Drone  
  46  4:08  Drone x3  
  50  4:14  Drone  
  50  4:15  Queen  
  53  4:20  Zergling x4  
  55  4:27  Overlord  
  55  4:40  Drone x4, Infestation Pit  
  55  4:42  Evolution Chamber, Extractor  
  55  4:43  Evolution Chamber  
  55  4:44  Extractor  
  55  4:45  Drone x3  
  57  4:53  Spore Crawler  
  57  4:54  Queen  
  57  4:58  Drone  
  57  4:59  Overlord  
  59  5:08  Overlord  
  59  5:10  Zergling x2, Drone x3  
  59  5:11  Zergling x4  
  59  5:14  Zergling x2  
  59  5:15  Zergling x2  
  59  5:17  Drone  
  55  5:24  Drone  
  55  5:26  Hive  
  55  5:28  Drone  
  48  5:30  Drone  
  48  5:34  Drone  
  50  5:36  Drone  
  50  5:39  Drone  
  50  5:41  Drone  
  53  5:54  Drone  
  54  6:00  Drone x3  
  57  6:05  Drone x2  
  57  6:06  Drone  
  57  6:07  Drone  
  61  6:14  Drone  
  61  6:15  Zergling x2  
  61  6:16  Zergling x6  
  65  6:18  Zergling x2  
  65  6:19  Zergling x2  
  65  6:21  Zergling x2  
  65  6:23  Zergling x2  
  70  6:25  Zergling x2  
  70  6:29  Zergling x2  
  70  6:32  Zergling x6  
  75  6:34  Zergling x2  
  75  6:35  Zergling x2  
  71  6:41  Zergling x2  
  73  6:47  Ultralisk Cavern  
Show
View Real Time Build Order
Export as new Build Order

BurgrFlipper Terran - Winner!

Build Orders: Liberator Opening, Reaper Expand 

Get SALT Encoding   

  12  0:00  SCV  
  13  0:12  SCV  
  14  0:17  Supply Depot  
  14  0:25  SCV  
  15  0:39  SCV  
  15  0:41  Barracks  
  16  0:48  Refinery  
  16  0:51  SCV  
  17  1:03  SCV  
  18  1:16  SCV  
  19  1:30  Orbital Command  
  19  1:31  Reaper  
  20  1:40  Command Center  
  20  1:48  Supply Depot  
  20  1:55  SCV  
  21  2:03  Marine  
  22  2:09  SCV  
  22  2:11  Factory  
  23  2:21  SCV  
  24  2:27  Barracks Reactor  
  24  2:33  SCV  
  24  2:34  Refinery  
  25  2:45  SCV  
  26  2:55  Orbital Command  
  26  2:57  SCV  
  27  3:02  Starport  
  27  3:09  SCV  
  27  3:10  Hellion x2  
  27  3:11  Barracks Tech Lab  
  32  3:17  Orbital Command  
  32  3:21  SCV  
  33  3:31  Hellion x2  
  33  3:33  SCV  
  37  3:39  Liberator  
  40  3:43  SCV  
  40  3:45  SCV  
  42  3:51  Supply Depot  
  42  3:52  Stimpack  
  42  3:55  SCV  
  42  3:58  SCV  
  42  4:01  Barracks  
  44  4:05  Barracks  
  44  4:08  SCV, Factory Reactor  
  45  4:10  SCV  
  46  4:18  Marine, Supply Depot  
  46  4:20  SCV  
  46  4:22  Starport Reactor  
  48  4:28  SCV  
  49  4:32  Refinery  
  49  4:33  Engineering Bay  
  49  4:34  SCV  
  50  4:39  Marine  
  50  4:40  SCV  
  50  4:42  Supply Depot  
  52  4:46  SCV  
  52  4:48  Marine  
  52  4:49  Marine  
  56  4:52  SCV  
  56  4:56  Barracks  
  56  4:59  Factory Tech Lab  
  56  5:01  Marine  
  56  5:02  Marine x2  
  56  5:03  SCV, Barracks  
  56  5:05  Medivac  
  56  5:06  Marine x2  
  64  5:13  Medivac  
  61  5:19  Marine x3, Siege Tank  
  65  5:31  SCV x2  
  65  5:35  Marine x2  
  65  5:37  Marine x3  
  68  5:43  Supply Depot, Combat Shield  
  68  5:45  Marine  
  69  5:51  Marine  
  69  5:52  Refinery  
  69  5:55  Supply Depot  
  70  5:58  Marine x4  
  70  5:59  Marine  
  70  6:01  Siege Tank  
  78  6:05  Marine  
  78  6:09  Marine  
  80  6:13  Supply Depot  
  80  6:16  Marine x3  
  83  6:25  Marine  
  83  6:26  Marine x2  
  83  6:27  Marine  
  87  6:34  Marine x3  
  94  6:43  Marine, Supply Depot  
  94  6:44  Marine  
Tags
 
Add a new tag
Caveats
  • Supply blocks, unpowered buildings, or Contaminate may cause inaccurate times.
  • Supply counts are checked every 10 seconds.